 Dungeon Crawl Stone Soup version 0.18.1-50-g88ac8fd (webtiles) character file.

86 Nordron the Changer (level 4, -3/28 HPs)
             Began as an Octopode Transmuter on Sept 24, 2016.
             Slain by a gnoll
             ... wielding a +0 halberd
              (13 damage)
             ... on level 2 of the Dungeon.
             The game lasted 00:05:55 (1722 turns).

Nordron the Changer (Octopode Transmuter)           Turns: 1722, Time: 00:05:55

Health: -3/28      AC:  1    Str:  9    XL:     4   Next: 49%
Magic:  7/7        EV: 12    Int: 15    God:
Gold:   96         SH:  0    Dex: 13    Spells: 1 memorised, 6 levels left

rFire  . . .     SeeInvis .     e - +0 short sword
rCold  . . .     Gourm    .     (no shield)
rNeg   . . .     Faith    .     (helmet restricted)
rPois  .         Spirit   .     (no amulet)
rElec  .         Dismiss  .     (no ring)
rCorr  .         Reflect  .     (no ring)
SustAt .         Harm     .     (no ring)
MR     .....                    (no ring)
Stlth  ++........               (no ring)
                                (no ring)
                                (no ring)
                                (no ring)

@: appendage (expiring), not resistant to hostile enchantments, unstealthy
A: almost no armour, amphibious, 8 rings, constrict 8, tentacle spike 3,
camouflage 1, gelatinous body 1
a: End Transformation


You were on level 2 of the Dungeon.
You were not hungry.
One of your tentacles had a temporary spike.
You visited 1 branch of the dungeon, and saw 2 of its levels.

You collected 96 gold pieces.

Inventory:

Hand Weapons
 e - a +0 short sword (weapon)
Missiles
 a - 34 arrows
Scrolls
 d - 2 scrolls of identify {unknown}
 f - 3 scrolls of noise {unknown}
 g - a scroll of magic mapping {unknown}
 h - a scroll of enchant armour {unknown}
 j - a scroll of fog {unknown}
 o - a scroll of remove curse {unknown}
Potions
 m - a potion of curing {unknown}
 n - 2 potions of mutation {unknown}
Books
 b - a book of Changes

   Spells                             Type                      Level
   a - Beastly Appendage              Transmutation                1
   b - Sticks to Snakes               Transmutation                2
   c - Spider Form                    Transmutation/Poison         3
   d - Ice Form                       Ice/Transmutation            4
   e - Blade Hands                    Transmutation                5
Comestibles
 c - 2 bread rations
 i - 2 meat rations
 k - a slice of pizza
 l - a chunk of flesh


   Skills:
 - Level 1.0 Fighting
 - Level 2.0 Dodging
 - Level 3.0 Unarmed Combat
 - Level 2.0 Spellcasting
 * Level 4.6 Transmutations


You had 6 spell levels left.
You knew the following spells:

 Your Spells              Type           Power        Failure   Level  Hunger
a - Beastly Appendage     Trmt           ###...       3%          1    #......


Dungeon Overview and Level Annotations

Branches:
Dungeon (2/15)

Altars:


Innate Abilities, Weirdness & Mutations

You cannot wear most types of armour.
You are amphibious.
You can wear up to eight rings at the same time.
You can use your tentacles to constrict eight enemies at once.
Your skin changes colour to match your surroundings (Stealth).
Your rubbery body absorbs attacks (AC +1).
One of your tentacles bears a large vicious spike.


Message History

You constrict the gnoll. The gnoll hits you!
You hit the gnoll but do no damage. You squeeze the gnoll.
The gnoll is almost dead.
You constrict the gnoll.
You kill the gnoll!
Your transformation is almost over.
The gnoll closely misses you.
You barely miss the gnoll. You grab the gnoll.
You pierce the gnoll, but do no damage.
You tentacle-slap the gnoll. You squeeze the gnoll.
The gnoll is moderately wounded.
You constrict the gnoll. You hit the gnoll.
The gnoll is severely wounded.
You constrict the gnoll. The gnoll hits you with a halberd.
You hit the gnoll but do no damage.
You pierce the gnoll, but do no damage.
The gnoll is severely wounded.
You constrict the gnoll, but do no damage.
The gnoll hits you with a halberd!
You die...

.###.#######.......#
...# #.###.### ...#
#.# #.# ...#. #.#
#.# (...... #.# #.#
...#.#. #.# #.#
....... #.# #.#
....##. #.# #.#
...... #@# ......
#g# #..## #)# ...#
#.# ..# .gggg....#
.# ##########


You could see a gnoll.

Vanquished Creatures
  2 gnolls (D:2)
  2 adders (D:2)
  2 dart slugs (D:1)
  A giant gecko (D:1)
  5 bats
  A giant cockroach (D:2)
  6 hobgoblins
  2 jackals (D:1)
  3 kobolds
  3 giant newts (D:1)
  8 goblins
  7 rats
42 creatures vanquished.

Notes
Turn   | Place    | Note
--------------------------------------------------------------
     0 | D:1      | Nordron the Octopode Transmuter began the quest for the Orb.
     0 | D:1      | Reached XP level 1. HP: 13/13 MP: 3/3
    93 | D:1      | Reached XP level 2. HP: 18/18 MP: 1/5
   277 | D:1      | Reached skill level 3 in Transmutations
   392 | D:1      | Reached XP level 3. HP: 8/23 MP: 4/6
  1281 | D:2      | Reached skill level 4 in Transmutations
  1310 | D:2      | Reached XP level 4. HP: 28/28 MP: 5/7
  1722 | D:2      | Slain by a gnoll

Skill      XL: |  1  2  3 |
---------------+----------+-----
Transmutations | 3 4 |  4.6
Fighting       | |  1.0
Dodging        | |  2.0
Unarmed Combat | |  3.0
Spellcasting   | |  2.0

Action                   |  1- 3 |  4- 6 || total
-------------------------+-------+-------++-------
Melee: Unarmed           |     8 |       ||     8
       Constrict         |    22 |     5 ||    27
       Short sword       |    55 |    22 ||    77
       Tentacles         |    12 |     4 ||    16
       Kick              |    11 |     8 ||    19
       Punch             |     1 |     1 ||     2
 Cast: Beastly Appendage |    20 |     8 ||    28
 Stab: Sleeping          |     5 |     2 ||     7
  Eat: Chunk             |     2 |     1 ||     3
Armor: Skin              |     4 |     2 ||     6
Dodge: Dodged            |    27 |     9 ||    36
